 Dungeon Crawl Stone Soup version 0.30-a0-603-g51a0fb1b98 (webtiles) character file.

Game seed: 15402781096053476356

1283 Crownlay the Geomancer (level 8, -3/41 HPs)
             Began as a Gargoyle Earth Elementalist on Jan 7, 2023.
             Was a Follower of Vehumet.
             Slain by Duvessa
             ... wielding a +1 short sword of speed
              (7 damage)
             ... on level 5 of the Dungeon.
             The game lasted 00:08:59 (4581 turns).

Crownlay the Geomancer (GrEE)                       Turns: 4581, Time: 00:09:00

Health: -3/41      AC:  9    Str: 12    XL:     8   Next: 55%
Magic:  10/17      EV: 11    Int: 18    God:    Vehumet [*.....]
Gold:   292        SH:  0    Dex: 10    Spells: 11/19 levels left

rFire   . . .      SeeInvis .    g - +4 whip (vamp)
rCold   . . .      Faith    .    (no shield)
rNeg    + . .      Spirit   .    a - +0 robe
rPois   ∞          Reflect  .    (no helmet)
rElec   +          Harm     .    (no cloak)
rCorr   .          Rampage  .    k - +0 pair of gloves
Will    .....                    t - +0 pair of boots
Stlth   ++                       l - amulet of magic regeneration
HPRegen 0.26/turn                m - ring of flight
MPRegen 0.55/turn                (no ring)

@: flying
A: sickness immunity, AC +5, negative energy resistance 1, electricity
resistance, torment resistance 1, petrification resistance
a: Renounce Religion


You were on level 5 of the Dungeon.
You worshipped Vehumet.
Vehumet was aware of your devotion.
You visited 2 branches of the dungeon, and saw 6 of its levels.

You collected 292 gold pieces.

Inventory:

Hand Weapons
 g - a +4 vampiric whip (weapon)
Armour
 a - a +0 robe (worn)
 k - a +0 pair of gloves (worn)
 t - a +0 pair of boots (worn)
Jewellery
 l - an amulet of magic regeneration (around neck)
 m - a ring of flight (left hand)
Wands
 u - a wand of flame (6)
Scrolls
 c - a scroll of fog
 d - 2 scrolls of poison
 f - 3 scrolls of enchant armour
 h - a scroll of summoning
 i - 2 scrolls of teleportation
 j - a scroll of blinking
 p - a scroll of amnesia
Potions
 b - a potion of magic
 e - a potion of curing {unknown}
 n - a potion of invisibility {unknown}
 o - a potion of ambrosia {unknown}
 q - a potion of lignification {unknown}
 r - a potion of flight {unknown}
 s - a potion of berserk rage {unknown}
 v - 2 potions of cancellation


   Skills:
 - Level 1.5 Dodging
 - Level 2.1 Stealth
 * Level 6.3 Spellcasting
 - Level 0.7 Transmutations
 + Level 9.8 Earth Magic


You had 11 spell levels left.
You knew the following spells:

 Your Spells              Type           Power      Damage    Failure   Level
a - Sandblast             Erth           82%        2d17      1%          1
b - Stone Arrow           Conj/Erth      46%        3d9       4%          3
c - Petrify               Tmut/Erth      24%        N/A       13%         4

Your spell library contained the following spells:

 Spells                   Type           Power      Damage    Failure   Level
 Shock                    Conj/Air       20%        1d4       12%         1
 Passwall                 Tmut/Erth      20%        N/A       1%          2
 Magic Dart               Conj           20%        1d4       12%         1
 Searing Ray              Conj           10%        2d4       17%         2
 Fulminant Prism          Conj/Hex       2%         3d5       75%         4


Dungeon Overview and Level Annotations

Branches:
Dungeon (5/15)             Temple (1/1) D:4

Altars:
Dithmenos
Makhleb
Okawaru
Qazlal
Trog
Uskayaw
Vehumet
Wu Jian

Shops:
D:1 :

Annotations:
D:5 Duvessa


Innate Abilities, Weirdness & Mutations

You are immune to sickness and miasma.
Your stone body is resilient. (AC +5)
You are immune to poison.
You resist negative energy. (rN+)
You are resistant to electric shocks. (rElec)
You are resistant to unholy torment.
You are immune to petrification.


Message History

The jelly barely misses you.
The blast of sand hits the jelly!
You kill the jelly!
Vehumet accepts your kill.
You feel your power returning.
Ijyb throws a poisoned dart.
The poisoned dart barely misses you.
The blast of sand hits Ijyb!!
Ijyb is severely wounded.
Ijyb completely misses you.
The blast of sand hits Ijyb!
You kill Ijyb!
Vehumet accepts your kill.
You feel your power returning.
Duvessa hits you with a +1 short sword of speed.
Okay, then.
Casting: Sandblast (safe; 1% risk of failure)
Confirm with . or Enter, or press ? or * to list all spells.
You don't know that spell.
Unknown command.
Casting: Sandblast (safe; 1% risk of failure)
Confirm with . or Enter, or press ? or * to list all spells.
The spell is quite dangerous to miscast (13% risk of failure)!
Continue anyway?
Aiming: Petrify (quite dangerous; 13% risk of failure)
Press: ? - help, Shift-Dir - straight line, f - Duvessa
Aim: Duvessa, wielding a +1 short sword of speed and wearing a +0 leather armour (berserk, chance to affect: 37%) Duvessa resists with some effort.
Duvessa hits you with a +1 short sword of speed.
Duvessa hits you with a +1 short sword of speed!
Casting: Petrify (quite dangerous; 13% risk of failure)
Confirm with . or Enter, or press ? or * to list all spells.
The spell is quite dangerous to miscast (13% risk of failure)!
Continue anyway?
Aiming: Petrify (quite dangerous; 13% risk of failure)
Press: ? - help, Shift-Dir - straight line, f/p - Duvessa
Aim: Duvessa, wielding a +1 short sword of speed and wearing a +0 leather armour (berserk, chance to affect: 37%) Duvessa resists with some effort.
Duvessa hits you with a +1 short sword of speed.
Duvessa hits you with a +1 short sword of speed!
* * * LOW HITPOINT WARNING * * *
Duvessa hits you with a +1 short sword of speed!
You die...

.#####..#########
.....##.........#
..##.##.........# #### ######
..##.#..........### ..# #.....
..#........[....#<## #.#
#.#### ..#.##..........#.##.
#.# #.#
..#.##.....####.#.##.###'###.#
...........# #.#eJ........#.#
....#####.## #.@###.......#.#
...!# #.# ##.# #.......#.#
....# #.# #..###.....##.#
....#####.# ##............#
....#.....# #####..######
....#.##### ##. #####.# ##
#####.# ...##.####


You could see Duvessa (berserk) and a jelly.

Vanquished Creatures
  Eustachio (D:5)
  2 ice beasts
  A black bear (D:5)
  A phantom (D:5)
  A kobold brigand (D:5)
  A necrophage (D:5)
  A scorpion (D:5)
  Dowan (D:5)
  A jelly (D:5)
  2 orc priests (D:5)
  A hound (D:4)
  Ijyb (D:5)
  Natasha (thrice) (D:4)
  6 iguanas
  An orc wizard (D:5)
  A gnoll (D:2)
  7 adders
  An ufetubus (D:4)
  3 worms
  A dart slug (D:1)
  3 orcs
  13 ball pythons
  4 bats
  9 endoplasms
  3 giant cockroaches
  6 hobgoblins
  4 jackals
  3 quokkas
  7 frilled lizards
  9 goblins
  13 kobolds
  8 rats
119 creatures vanquished.

Notes
Turn   | Place    | Note
-------+----------+-------------------------------------------
     0 | D:1      | Crownlay the Gargoyle Earth Elementalist began the quest
                  | for the Orb.
     0 | D:1      | Reached XP level 1. HP: 10/10 MP: 3/3
    99 | D:1      | Reached skill level 4 in Earth Magic
   162 | D:1      | Reached XP level 2. HP: 15/15 MP: 3/5
   567 | D:1      | Reached skill level 5 in Earth Magic
   567 | D:1      | Reached XP level 3. HP: 10/19 MP: 3/6
   644 | D:1      | Found Odejyzoc's Vocational Training.
  1717 | D:2      | Found a faded altar of an unknown god.
  1785 | D:2      | Reached XP level 4. HP: 24/24 MP: 0/7
  1900 | D:2      | Reached skill level 6 in Earth Magic
  2527 | D:3      | Reached XP level 5. HP: 27/28 MP: 2/8
  2611 | D:3      | Learned a level 3 spell: Stone Arrow
  2698 | D:3      | Found a burning altar of Makhleb.
  3148 | D:4      | Noticed an ice beast
  3152 | D:4      | Killed an ice beast
  3153 | D:4      | Reached skill level 7 in Earth Magic
  3174 | D:4      | Found a staircase to the Ecumenical Temple.
  3189 | D:4      | Reached XP level 6. HP: 32/32 MP: 9/9
  3207 | Temple   | Entered the Ecumenical Temple
  3215 | Temple   | Became a worshipper of Vehumet
  3290 | D:4      | Reached skill level 8 in Earth Magic
  3347 | D:4      | Noticed Natasha
  3352 | D:4      | Killed Natasha
  3785 | D:4      | Noticed Natasha
  3788 | D:4      | Killed Natasha
  3826 | D:4      | Noticed Natasha
  3830 | D:4      | Killed Natasha
  3847 | D:5      | Entered Level 5 of the Dungeon
  3854 | D:5      | Reached XP level 7. HP: 3/36 MP: 6/12
  4007 | D:5      | Reached * piety under Vehumet
  4007 | D:5      | Offered knowledge of Shock by Vehumet.
  4033 | D:5      | Noticed Eustachio
  4068 | D:5      | Killed Eustachio
  4217 | D:5      | Reached skill level 9 in Earth Magic
  4256 | D:5      | Noticed Dowan
  4262 | D:5      | Reached skill level 5 in Spellcasting
  4264 | D:5      | Killed Dowan
  4265 | D:5      | Reached XP level 8. HP: 29/41 MP: 12/15
  4265 | D:5      | Noticed Duvessa
  4504 | D:5      | Learned a level 4 spell: Petrify
  4575 | D:5      | Noticed Ijyb
  4579 | D:5      | Killed Ijyb
  4581 | D:5      | Slain by Duvessa

Illustrated notes

Levels and vault maps discovered:
D:1:      dpeg_arrival_tiny_g, layout_basic, nicolae_shop_vocational
D:2:      minmay_chambers_of_twos, layout_loops_cross,
          ebering_ecumenical_altar_abandoned
D:3:      minmay_bubble_buster, layout_loops_ring, bloody_makhleb
D:4:      layout_loops_ring, temple_pool_b, uniq_natasha
D:5:      layout_basic, uniq_blork_the_orc, uniq_duvessa, uniq_ijyb,
          uniq_eustachio
Temple:   nicolae_temple_great_sept

Skill      XL: |  1  2  3  4  5  6  7  8 |
---------------+-------------------------+-----
Earth Magic    | 4 5 6 7 8 9 |  9.8
Spellcasting   | 3 5 6 |  6.3
Dodging        | |  1.5
Stealth        | |  2.1
Transmutations | |  0.7

Action                   |  1- 3 |  4- 6 |  7- 9 || total
-------------------------+-------+-------+-------++-------
Melee: Whip              |    20 |     1 |    13 ||    34
 Cast: Sandblast         |    58 |    79 |    39 ||   176
       Stone Arrow       |       |     2 |    11 ||    13
       Petrify           |       |       |     2 ||     2
  Use: Scroll            |     3 |     8 |     2 ||    13
 Stab: Sleeping          |     1 |       |       ||     1
Armor: Robe              |    27 |    11 |    14 ||    52
Dodge: Dodged            |    33 |    14 |    21 ||    68

Table legend: (Time is in decaauts)
 A = Elapsed time spent in this place.
 B = Non-inter-level travel time spent in this place.
 C = Inter-level travel time spent in this place.
 D = Time resting spent in this place.
 E = Time spent auto-exploring this place.
 F = Levels seen in this place.
 G = Mean time per level.
                   A        B        C        D        E       F      G
               +--------+--------+--------+--------+--------+-----+--------+
         Total |   4670 |   4541 |    129 |    207 |   3627 |   6 |  778.3 |
       Dungeon |   4654 |   4539 |    115 |    207 |   3627 |   5 |  930.8 |
        Temple |     16 |      2 |     14 |      0 |      0 |   1 |   16.0 |
               +--------+--------+--------+--------+--------+-----+--------+

Top non-repeatable levels by time:
     D:1: 1238 daAuts
     D:2: 994 daAuts
     D:3: 964 daAuts
     D:5: 757 daAuts
     D:4: 698 daAuts
  Temple: 16 daAuts
